 Dungeon Crawl Stone Soup version 0.29-a0-1043-g569b05d6ff (webtiles) character file.

Game seed: 11034875725702313165

1232 Tuch the Chopper (level 8, -2/87 HPs)
             Began as an Ogre Berserker on Aug 16, 2022.
             Was a Priest of Trog.
             Slain by a gnoll
             ... wielding a +0 club
             ... led by a gnoll bouda
              (3 damage)
             ... on level 5 of the Dungeon.
             The game lasted 00:20:49 (3371 turns).

Tuch the Chopper (Ogre Berserker)                   Turns: 3371, Time: 00:20:49

Health: -2/87      AC:  5    Str: 30    XL:     8   Next: 48%
Magic:  8/8        EV: 11    Int:  8    God:    Trog [***...]
Gold:   309        SH:  0    Dex: 14    Spells: 7/7 levels left

rFire   + . .      SeeInvis .   f - +0 war axe (vorpal)
rCold   . . .      Faith    .   (no shield)
rNeg    . . .      Spirit   .   b - +1 animal skin
rPois   .          Reflect  .   (helmet restricted)
rElec   .          Harm     .   e - +0 cloak
rCorr   .          Rampage  .   (gloves unavailable)
Will    ++...                   (boots unavailable)
Stlth   ++........              h - amulet of regeneration
HPRegen 2.04/turn               d - +6 ring of strength
MPRegen 0.11/turn               l - +6 ring of dexterity

@: strong-willed, on berserk cooldown, regenerating, slowed, very slow
A: large, unfitting armour, tough skin 1, antennae 1, fire resistance 1
a: Renounce Religion, Berserk, Trog's Hand


You were on level 5 of the Dungeon.
You worshipped Trog.
Trog was most pleased with you.
You visited 1 branch of the dungeon, and saw 5 of its levels.

You collected 309 gold pieces.

Inventory:

Hand Weapons
 a - a +0 hand axe
 f - a +0 vorpal war axe (weapon)
 j - a +1 vorpal flail
 n - a +3 flail
 p - a +3 mace
 u - a +0 hand axe of electrocution
Missiles
 v - a throwing net (quivered)
Armour
 b - a +1 animal skin (worn)
 e - a +0 cloak (worn)
 w - a +0 helmet
Jewellery
 d - a +6 ring of strength (left hand)
 h - an amulet of regeneration (around neck)
 l - a +6 ring of dexterity (right hand)
 r - a ring of positive energy
Wands
 k - a wand of roots (13)
 t - a wand of flame (15)
Scrolls
 c - a scroll of fear
 g - 3 scrolls of fog
 m - 3 scrolls of teleportation
Potions
 i - a potion of haste {unknown}
 o - a potion of brilliance {unknown}
 q - a potion of ambrosia {unknown}
 s - 2 potions of curing {unknown}


   Skills:
 + Level 7.5 Fighting
 + Level 7.5(7.6) Axes
 + Level 1.5(4.5) Maces & Flails
 + Level 4.9 Dodging
 + Level 1.0 Stealth


You had 7 spell levels left.
You didn't know any spells.
Your spell library was empty.

Dungeon Overview and Level Annotations

Branches:
Dungeon (5/15)             Temple (0/1) D:4

Altars:
Okawaru
Wu Jian


Innate Abilities, Weirdness & Mutations

You are too large for most types of armour.
You have tough skin. (AC +1)
You have a pair of small antennae on your head.
Your flesh is heat resistant. (rF+)


Message History

The gnoll completely misses you. The gnoll hits you with a +0 flail.
A red film seems to cover your vision as you go berserk!
You feel yourself moving faster!
You feel mighty!
The gnoll hits you from afar with a +0 spear.
The gnoll hits you with a +0 club. The gnoll hits you with a +0 flail!
You struggle against the net.
You feel a strong urge to attack something.
The gnoll hits you from afar with a +0 spear.
The gnoll hits you with a +0 club.
You struggle against the net.
The gnoll hits you with a +0 flail.
The gnoll hits you from afar with a +0 spear.
You struggle against the net.
You feel your anger nearly subside.
You are no longer berserk.
You are exhausted.
You feel yourself slow down. The gnoll hits you with a +0 club.
The gnoll hits you with a +0 flail.
You rip the net and break free!
The gnoll hits you from afar with a +0 spear.
The gnoll misses you. The gnoll hits you with a +0 flail!
* * * LOW HITPOINT WARNING * * *
The gnoll closely misses you.
Your skin crawls.
You feel strong-willed. The gnoll hits you with a +0 club.
* * * LOW HITPOINT WARNING * * *
The gnoll hits you with a +0 flail.
* * * LOW HITPOINT WARNING * * *
The gnoll hits you from afar with a +0 spear.
* * * LOW HITPOINT WARNING * * *
The gnoll hits you with a +0 club!
* * * LOW HITPOINT WARNING * * *
The gnoll hits you with a +0 flail.
* * * LOW HITPOINT WARNING * * *
The gnoll is no longer moving quickly.
The gnoll hits you from afar with a +0 spear.
* * * LOW HITPOINT WARNING * * *
The gnoll hits you with a +0 club.
* * * LOW HITPOINT WARNING * * *
The gnoll attacks as you move away! The gnoll hits you with a +0 club.
You die...

............#
...#........# ).
#####...## .
#......†########
#..............#
####.#.......#.#
...........#.####
#.#..........#....##
# ###########@.....#
.....>ggg###..#
.........#
.........#
#+##.....# #######


You could see 3 gnolls.

Vanquished Creatures
  Sigmund (D:4)
  Eustachio (D:4)
  Edmund (D:4)
  A black bear (D:4)
  A necrophage (D:4)
  2 scorpions
  A howler monkey (D:5)
  2 gnoll boudas
  A jelly (D:5)
  An orc priest (D:3)
  An iguana (D:4)
  Natasha (thrice) (D:3)
  17 gnolls
  2 adders
  2 worms
  A dart slug (D:4)
  10 orcs
  13 endoplasms
  5 giant cockroaches
  8 goblins
  8 hobgoblins
  4 jackals (D:1)
  5 quokkas
  5 ball pythons
  5 bats
  6 frilled lizards
  7 kobolds
  2 rats
116 creatures vanquished.

Vanquished Creatures (others)
  8 plants (D:2)
8 creatures vanquished.

Grand Total: 124 creatures vanquished

Notes
Turn   | Place    | Note
-------+----------+-------------------------------------------
     0 | D:1      | Tuch the Ogre Berserker began the quest for the Orb.
     0 | D:1      | Reached XP level 1. HP: 24/24 MP: 1/1
   199 | D:1      | Reached XP level 2. HP: 28/32 MP: 2/2
   620 | D:1      | Reached XP level 3. HP: 24/40 MP: 3/3
  1043 | D:2      | Reached ** piety under Trog
  1044 | D:2      | Reached skill level 5 in Fighting
  1128 | D:2      | Found a faded altar of an unknown god.
  1168 | D:2      | Reached XP level 4. HP: 48/50 MP: 4/4
  1632 | D:3      | Reached XP level 5. HP: 48/57 MP: 5/5
  1672 | D:3      | Noticed Natasha
  1685 | D:3      | Killed Natasha
  1791 | D:3      | Noticed Natasha
  1799 | D:3      | Killed Natasha
  1857 | D:3      | Reached skill level 5 in Axes
  1857 | D:3      | Reached XP level 6. HP: 66/66 MP: 6/6
  2065 | D:3      | Noticed Natasha
  2092 | D:3      | Killed Natasha
  2349 | D:3      | Found an ornate altar of the Wu Jian Council.
  2376 | D:4      | Found a staircase to the Ecumenical Temple.
  2390 | D:4      | Noticed Eustachio
  2413 | D:4      | Killed Eustachio
  2414 | D:4      | Reached skill level 1 in Maces & Flails
  2414 | D:4      | Reached XP level 7. HP: 48/75 MP: 7/7
  2439 | D:4      | Reached *** piety under Trog
  2760 | D:4      | Noticed Edmund
  2762 | D:4      | Gained mutation: You have a pair of small antennae on your
                  | head. [potion of mutation]
  2762 | D:4      | Gained mutation: Your flesh is heat resistant. (rF+)
                  | [potion of mutation]
  2769 | D:4      | Killed Edmund
  2770 | D:4      | Reached skill level 1 in Stealth
  2888 | D:4      | Reached XP level 8. HP: 68/84 MP: 8/8
  2961 | D:4      | Noticed Sigmund
  2967 | D:4      | Found an iron altar of Okawaru.
  2968 | D:4      | Killed Sigmund
  3083 | D:5      | Entered Level 5 of the Dungeon
  3369 | D:5      | HP: 3/87 [gnoll/+0 flail[a gnoll bouda] (2)]
  3370 | D:5      | HP: 1/87 [gnoll/+0 club[a gnoll bouda] (3)]
  3371 | D:5      | Slain by a gnoll

Illustrated notes

Levels and vault maps discovered:
D:1:      amcnicky_arrival_feature_with_door, layout_rooms
D:2:      layout_basic, shapermc_ecumenical_altar_hornbeckon,
          kennysheep_generic_room_13
D:3:      layout_loops_ring, mainiacjoe_overflow_alcove_2, chequers_avenue,
          uniq_natasha
D:4:      layout_rooms, overflow_temple_1_default,
          minmay_temple_entry_mini_moons, grunt_ministairs_12, uniq_sigmund,
          uniq_edmund, uniq_eustachio
D:5:      layout_basic, minmay_crystal_water

Skill      XL: |  1  2  3  4  5  6  7  8 |
---------------+-------------------------+-----
Dodging        | 3 4 |  4.9
Fighting       | 5 6 7 |  7.5
Axes           | 4 5 6 7 |  7.5
Maces & Flails | 1 |  1.5
Stealth        | 1 |  1.0

Action                   |  1- 3 |  4- 6 |  7- 9 || total
-------------------------+-------+-------+-------++-------
Melee: Hand axe          |    58 |       |       ||    58
       Punch             |     1 |       |     1 ||     2
       War axe           |    20 |    78 |   104 ||   202
       Flail             |       |    26 |       ||    26
Invok: Berserk           |     3 |     2 |     3 ||     8
       Trog's Hand       |       |     1 |     2 ||     3
  Use: Scroll            |     2 |     3 |     4 ||     9
       Potion            |       |     1 |     2 ||     3
 Stab: Sleeping          |       |     1 |       ||     1
Armor: Animal skin       |    26 |    23 |    37 ||    86
Dodge: Dodged            |    53 |    60 |    81 ||   194

Table legend: (Time is in decaauts)
 A = Elapsed time spent in this place.
 B = Non-inter-level travel time spent in this place.
 C = Inter-level travel time spent in this place.
 D = Time resting spent in this place.
 E = Time spent auto-exploring this place.
 F = Levels seen in this place.
 G = Mean time per level.
                   A        B        C        D        E       F      G
               +--------+--------+--------+--------+--------+-----+--------+
         Total |   3527 |   3447 |     80 |    131 |   2398 |   5 |  705.4 |
       Dungeon |   3527 |   3447 |     80 |    131 |   2398 |   5 |  705.4 |
               +--------+--------+--------+--------+--------+-----+--------+

Top non-repeatable levels by time:
     D:3: 966 daAuts
     D:1: 843 daAuts
     D:2: 749 daAuts
     D:4: 675 daAuts
     D:5: 292 daAuts
